[Event "Titled Tuesday Blitz January 31 Late 2023"]
[White "Womacka, Mathias"]
[Black "Llanos, Guillermo"]
[WhiteFideId "4611390"]
[BlackFideId "100358"]
[WhiteElo "2396"]
[BlackElo "2290"]
[Result "1-0"]
[Round "10"]
[TimeControl "180+2"]
[Date "2023.01.31"]
[WhiteClock "0:00:36"]
[BlackClock "0:00:09"]

1. e4 Nf6 2. e5 Nd5 3. d4 d6 4. Nf3 Nb6 5. a4 a5 6. exd6 cxd6 7. Nc3 g6 8. Be2 Bg7 9. O-O O-O 10. Nb5 d5 11. Bf4 Na6 12. c3 Bg4 13. h3 Bxf3 14. Bxf3 Rc8 15. Qb3 Nc4 16. Na7 Rb8 17. Bxb8 Qxb8 18. Bxd5 Nd2 19. Qxb7 Nxf1 20. Rxf1 Qxb7 21. Bxb7 Nc7 22. Nc6 e6 23. Nxa5 Rb8 24. b4 Bh6 25. Rb1 Bd2 26. Rb3 f5 27. Kf1 Kf7 28. Ke2 Bf4 29. Bf3 h5 30. b5 Nd5 31. Bxd5 exd5 32. Nc6 Ra8 33. a5 Ke6 34. b6 Ra6 35. Rb5 Bd6 36. Nb4 Ra8 37. b7 Re8 38. Kd3 Kd7 39. Na6 Bb8 40. Nxb8+ Rxb8 41. a6 Kc6 42. Rb2 Kc7 43. Kc2 g5 44. a7 Rxb7 45. a8=Q 1-0


[Site "https://www.chess.com"]

[Event "Titled Tuesday Blitz January 31 Late 2023"]
[White "OKEKE, Isaac Chukwudalu"]
[Black "Ronka, Erik"]
[WhiteFideId "8508526"]
[BlackFideId "505080"]
[WhiteElo "2155"]
[BlackElo "2276"]
[Result "0-1"]
[Round "10"]
[TimeControl "180+2"]
[Date "2023.01.31"]
[WhiteClock "0:00:03"]
[BlackClock "0:00:12"]

1. e4 c5 2. Nf3 b6 3. d4 cxd4 4. Nxd4 Bb7 5. Nc3 a6 6. Bc4 e6 7. a3 Nf6 8. Qe2 Qc7 9. O-O d6 10. Bf4 Nbd7 11. Bxe6 fxe6 12. Nxe6 Qc8 13. Nd5 Kf7 14. Ndc7 Ra7 15. Qc4 d5 16. exd5 Bxd5 17. Ng5+ Kg8 18. Qc3 h6 19. Nf3 Bxf3 20. gxf3 Nc5 21. b4 Rxc7 22. Bxc7 Qxc7 23. bxc5 Bxc5 24. Qc4+ Kh7 25. Qd3+ g6 26. Rfe1 Rd8 27. Qb3 Kg7 28. Rad1 Rxd1 29. Rxd1 Qf4 30. a4 a5 31. Qb5 Qxf3 32. Rd2 h5 33. Qe2 Qf5 34. Rd3 Ng4 35. Rf3 Qd5 36. h3 Nf6 37. Rd3 Qg5+ 38. Kf1 Kh6 39. Qf3 Qf5 40. Kg2 Qxf3+ 41. Rxf3 Nd5 42. Rf7 Nc3 43. f4 Nxa4 44. Rf6 Kg7 45. Rc6 Nc3 46. Kf3 a4 47. Rc7+ Kh6 48. Ra7 a3 49. Ra8 a2 50. f5 gxf5 51. Kf4 b5 52. Kxf5 Na4 53. Kf6 a1=Q+ 0-1


[Site "https://www.chess.com"]

[Event "Titled Tuesday Blitz January 31 Late 2023"]
[White "Graif, William"]
[Black "Nikologorsky, Matfei"]
[WhiteFideId "2609835"]
[BlackFideId "24102474"]
[WhiteElo "2304"]
[BlackElo "2182"]
[Result "1/2-1/2"]
[Round "10"]
[TimeControl "180+2"]
[Date "2023.01.31"]
[WhiteClock "0:00:08"]
[BlackClock "0:00:16"]

1. e4 c5 2. Nc3 e6 3. f4 d5 4. Nf3 dxe4 5. Nxe4 Nf6 6. Nxf6+ Qxf6 7. g3 Nc6 8. Bg2 Be7 9. O-O O-O 10. d3 e5 11. fxe5 Nxe5 12. Nxe5 Qxe5 13. c3 Qc7 14. Qh5 Bd7 15. Be4 g6 16. Qh6 Bc6 17. Bf4 Bd6 18. Bxd6 Qxd6 19. Rf4 f5 20. Bxf5 Rae8 21. Raf1 Rf6 22. Be4 Rxf4 23. Qxf4 Qxf4 24. Rxf4 Bxe4 25. Rxe4 Rd8 26. Re7 b6 27. Rxa7 Rxd3 28. Rb7 Rd1+ 29. Kg2 Rd2+ 30. Kf3 Rxb2 31. h4 Rxa2 32. Rxb6 Ra3 33. Kg4 Rxc3 34. Rb7 h6 35. Rb8+ Kg7 36. Rb7+ Kf6 37. Rb6+ Kf7 38. Rb7+ Kf6 39. Rb6+ Kf7 40. Rb7+ Kf6 1/2-1/2


[Site "https://www.chess.com"]

[Event "Titled Tuesday Blitz January 31 Late 2023"]
[White "Kujawski, Adam"]
[Black "Marczuk, Dominik"]
[WhiteFideId "1100920"]
[BlackFideId "1111264"]
[WhiteElo "2173"]
[BlackElo "2253"]
[Result "1-0"]
[Round "10"]
[TimeControl "180+2"]
[Date "2023.01.31"]
[WhiteClock "0:00:08"]
[BlackClock "0:00:02"]

1. e4 c5 2. Nf3 Nc6 3. Nc3 g6 4. Bb5 Bg7 5. O-O e5 6. Bxc6 dxc6 7. a4 Qc7 8. d3 Nf6 9. Nd2 O-O 10. Nc4 Nd7 11. a5 Re8 12. f4 Rb8 13. Qf3 b5 14. axb6 axb6 15. f5 Rf8 16. Qh3 b5 17. Ne3 c4 18. dxc4 b4 19. Ncd5 cxd5 20. Nxd5 Qd6 21. Be3 Nf6 22. c5 Qd8 23. Bg5 h6 24. Bxh6 Nxd5 25. exd5 Bxh6 26. Qxh6 Bxf5 27. Rxf5 gxf5 28. Ra6 f6 29. Qg6+ Kh8 30. Ra7 Rb7 31. Rxb7 Qxd5 32. Qh7# 1-0


[Site "https://www.chess.com"]

[Event "Titled Tuesday Blitz January 31 Late 2023"]
[White "Hajiyev, Kanan"]
[Black "Kostiukov, Alexandr"]
[WhiteFideId "13404148"]
[BlackFideId "14108100"]
[WhiteElo "2197"]
[BlackElo "2271"]
[Result "0-1"]
[Round "10"]
[TimeControl "180+2"]
[Date "2023.01.31"]
[WhiteClock "0:00:07"]
[BlackClock "0:00:11"]

1. d4 g6 2. Nf3 Bg7 3. g3 Nf6 4. Bg2 O-O 5. O-O c5 6. c3 cxd4 7. cxd4 d5 8. Nc3 Nc6 9. Ne5 Bf5 10. Nxc6 bxc6 11. Na4 Ne4 12. Be3 e5 13. Rc1 Bd7 14. b3 Re8 15. dxe5 Bxe5 16. Bd4 Qf6 17. Bxe5 Qxe5 18. Bxe4 Qxe4 19. Nc5 Qe7 20. Nxd7 Qxd7 21. e3 a5 22. Qd4 a4 23. b4 Re4 24. Qb6 a3 25. f3 Rc4 26. Rxc4 dxc4 27. Qd4 Qxd4 28. exd4 Rd8 29. Rd1 f5 30. Kf2 Kf7 31. Ke3 Ke6 32. Rc1 Kd5 33. Rc3 Re8+ 34. Kd2 Ra8 35. Ke3 Ra4 36. g4 fxg4 37. fxg4 g5 38. h3 h6 39. Kd2 Kxd4 40. Rf3 Rxb4 41. Rxa3 Rb2+ 42. Kc1 c3 43. Ra6 c5 44. Rd6+ Kc4 45. Rxh6 Rxa2 46. Rg6 Rh2 47. Rxg5 Kb3 48. Kd1 c2+ 49. Kc1 Rh1+ 50. Kd2 c1=Q+ 51. Ke2 Qxg5 0-1


[Site "https://www.chess.com"]

[Event "Titled Tuesday Blitz January 31 Late 2023"]
[White "Fernandez Siles, Luis"]
[Black "Papayan, Oleg"]
[WhiteFideId "2209420"]
[BlackFideId "4193911"]
[WhiteElo "2218"]
[BlackElo "2253"]
[Result "0-1"]
[Round "10"]
[TimeControl "180+2"]
[Date "2023.01.31"]
[WhiteClock "0:00:14"]
[BlackClock "0:00:03"]

1. d4 Nf6 2. c4 e6 3. Nc3 Bb4 4. e3 O-O 5. Ne2 c6 6. a3 Ba5 7. b4 Bc7 8. e4 d5 9. e5 Nfd7 10. Ng3 a5 11. Bd2 axb4 12. axb4 Rxa1 13. Qxa1 Na6 14. b5 Nb4 15. Qb1 Ba5 16. c5 b6 17. bxc6 Nxc6 18. cxb6 Qxb6 19. Qxb6 Bxb6 20. f4 Nxd4 21. Bd3 Nc5 22. Bb1 Ba6 23. h4 Nd3+ 24. Bxd3 Bxd3 25. h5 h6 26. Nge2 Nc2+ 27. Kd1 Ra8 28. Rh3 Bf5 29. Rg3 Ra1+ 30. Nc1 Nd4 31. Ne2 Nxe2 32. Kxe2 Ra8 33. Rb3 Bd8 34. Kf3 Be4+ 35. Kf2 Bh4+ 36. g3 Be7 37. g4 Rc8 38. Ne2 Rc2 0-1


[Site "https://www.chess.com"]

[Event "Titled Tuesday Blitz January 31 Late 2023"]
[White "Pino Perez, Lazaro"]
[Black "Kochetov, Andrey"]
[WhiteFideId "3517055"]
[BlackFideId "24130532"]
[WhiteElo "2142"]
[BlackElo "2165"]
[Result "0-1"]
[Round "10"]
[TimeControl "180+2"]
[Date "2023.01.31"]
[WhiteClock "0:00:21"]
[BlackClock "0:00:12"]

1. d4 Nf6 2. Bf4 e6 3. e3 c5 4. Nf3 d5 5. c3 Bd6 6. Nbd2 Qc7 7. Bxd6 Qxd6 8. Ne5 O-O 9. Bd3 Nc6 10. f4 b6 11. g4 Bb7 12. Qf3 Ne7 13. g5 Nd7 14. h4 Nf5 15. O-O-O a5 16. h5 a4 17. a3 Rfc8 18. Kb1 Ba6 19. Bc2 b5 20. e4 cxd4 21. Nxd7 Ne3 22. Ne5 Nxd1 23. cxd4 b4 24. Bxd1 Rab8 25. Rh3 Rc3 26. bxc3 bxc3+ 27. Ka2 Rb2+ 0-1


[Site "https://www.chess.com"]

[Event "Titled Tuesday Blitz January 31 Late 2023"]
[White "Matko, Ognjen"]
[Black "Drnovsek, Gal"]
[WhiteFideId "14509717"]
[BlackFideId "14607077"]
[WhiteElo "2295"]
[BlackElo "2397"]
[Result "0-1"]
[Round "10"]
[TimeControl "180+2"]
[Date "2023.01.31"]
[WhiteClock "0:00:01"]
[BlackClock "0:00:19"]

1. Nf3 g6 2. g3 Bg7 3. Bg2 e5 4. e4 d6 5. O-O Nc6 6. c3 f5 7. d3 Nf6 8. Re1 O-O 9. Bg5 h6 10. Bc1 Kh7 11. Nbd2 Bd7 12. b4 Qe7 13. Rb1 Rf7 14. b5 Nd8 15. d4 fxe4 16. dxe5 dxe5 17. Nxe4 Nxe4 18. Rxe4 Bf5 19. Nh4 Ne6 20. Nxf5 gxf5 21. Rh4 Rd8 22. Qh5 Qf6 23. Bxb7 e4 24. Be3 Rd6 25. Bc8 f4 26. Bxe6 Qxe6 27. Bxf4 Rd5 28. Qe2 Rdf5 29. Kh1 Bxc3 30. Be3 Bg7 0-1


[Site "https://www.chess.com"]

[Event "Titled Tuesday Blitz January 31 Late 2023"]
[White "Bambino Filho, Antonio Carlos"]
[Black "Bulgurlu, Okan"]
[WhiteFideId "2113163"]
[BlackFideId "6352316"]
[WhiteElo "2144"]
[BlackElo "1908"]
[Result "1-0"]
[Round "10"]
[TimeControl "180+2"]
[Date "2023.01.31"]
[WhiteClock "0:00:13"]
[BlackClock "0:00:07"]

1. d4 Nf6 2. c4 e6 3. Nc3 b6 4. Qd2 Bb7 5. f3 Be7 6. e4 d6 7. Bd3 Nbd7 8. Nge2 O-O 9. O-O a6 10. f4 e5 11. fxe5 dxe5 12. d5 Bc5+ 13. Kh1 Ng4 14. Nd1 Qh4 15. h3 f5 16. exf5 Ndf6 17. Qg5 Qxg5 18. Bxg5 e4 19. Bc2 Ne5 20. b3 Rae8 21. Be3 Nd3 22. Nf4 Nxf4 23. Rxf4 Bd6 24. Rf2 Nh5 25. g4 Ng3+ 26. Kg2 g6 27. Bf4 Bxf4 28. Rxf4 Ne2 29. Rxe4 gxf5 30. Rxe8 Rxe8 31. Bxf5 Nf4+ 32. Kf3 Nxh3 33. Nc3 Ng5+ 34. Kf4 h6 35. Ne4 Nxe4 36. Bxe4 Bc8 37. Re1 Kg7 38. Re3 Bd7 39. Bf3 Rf8+ 40. Kg3 Kf6 41. Be4 Rg8 42. Rf3+ Ke5 43. Bf5 Be8 44. Re3+ Kd4 45. Re7 c6 46. d6 h5 47. d7 Bxd7 48. Rxd7+ Kc3 49. Rd6 hxg4 50. Rxc6 b5 51. cxb5+ Kb2 52. bxa6 Kxa2 53. a7 Ra8 54. Rc7 Kxb3 55. Be4 Kb4 56. Bxa8 Kb5 57. Be4 Kb6 58. Rg7 1-0


[Site "https://www.chess.com"]

[Event "Titled Tuesday Blitz January 31 Late 2023"]
[White "Cruz, William Ferreira Da"]
[Black "Osmonbekov, Talaibek"]
[WhiteFideId "2118050"]
[BlackFideId "2017253"]
[WhiteElo "2216"]
[BlackElo "2137"]
[Result "1-0"]
[Round "10"]
[TimeControl "180+2"]
[Date "2023.01.31"]
[WhiteClock "0:01:07"]
[BlackClock "0:00:01"]

1. d4 e6 2. c4 f5 3. Nc3 Nf6 4. g3 Bb4 5. Bd2 O-O 6. Bg2 d6 7. a3 Bxc3 8. Bxc3 Ne4 9. Qd3 Nxc3 10. Qxc3 Nc6 11. d5 Ne5 12. Nf3 Nxf3+ 13. exf3 e5 14. O-O f4 15. c5 Bf5 16. Rac1 Rc8 17. Qb4 b6 18. c6 a5 19. Qc4 Qg5 20. b4 axb4 21. axb4 Qg6 22. Rfd1 Ra8 23. Ra1 h5 24. Qc3 h4 25. g4 Bc2 26. Rxa8 Bxd1 27. Rxf8+ Kxf8 28. Qa1 Qc2 29. Qa8+ Kf7 30. Qc8 Qc1 31. Qxc7+ Kg8 32. Qd8+ Kh7 33. Qxh4+ Kg6 34. h3 Bb3+ 35. Kh2 Bxd5 36. Qh5+ Kf6 37. Qf5+ Ke7 38. Qd7+ Kf8 39. Qxd6+ Ke8 40. Qxd5 Qc3 41. Qd7+ Kf8 42. c7 Qc6 43. Qxc6 1-0


[Site "https://www.chess.com"]

[Event "Titled Tuesday Blitz January 31 Late 2023"]
[White "Przybylski, Wojciech"]
[Black "Slater-Jones, Henry"]
[WhiteFideId "1117599"]
[BlackFideId "3222101"]
[WhiteElo "2321"]
[BlackElo "1826"]
[Result "0-1"]
[Round "10"]
[TimeControl "180+2"]
[Date "2023.01.31"]
[WhiteClock "0:00:19"]
[BlackClock "0:00:11"]

1. e4 c5 2. Nf3 d6 3. d4 cxd4 4. Nxd4 Nf6 5. Nc3 a6 6. Be3 e5 7. Nb3 Ng4 8. Bc1 Nf6 9. f3 Be6 10. Be3 h5 11. Qd2 Nbd7 12. O-O-O Be7 13. Nd5 Nxd5 14. exd5 Bf5 15. Bd3 Bxd3 16. Qxd3 g6 17. f4 Qc7 18. f5 g5 19. Rhf1 f6 20. Nd2 Rc8 21. Ne4 Qc4 22. Kb1 Kf7 23. b3 Qxd3 24. Rxd3 b5 25. h3 Rc7 26. Rf2 Rhc8 27. Kb2 Rb8 28. a3 Rbc8 29. g3 Rb8 30. Rd1 Rbc8 31. Rh1 Rb8 32. Rfh2 Rbc8 33. Ra1 Rb8 34. Rf2 Rbc8 35. a4 b4 36. Rc1 a5 37. Rd2 Rb7 38. Rd3 Rbc7 39. Rd2 Ke8 40. Rh2 Kf7 41. Rch1 Ke8 42. Rd1 Kf7 43. Rg2 Rb8 44. Rf1 Rbc8 45. Ra1 Rb8 46. Rd1 Rbc8 47. Rb1 Rb8 48. Rc1 Rbc8 49. Re2 Rb8 50. Nd2 Nc5 51. Ra1 Rbc8 52. Nc4 Ra8 53. Bf2 Ra6 54. Kc1 Nd7 55. Kd2 Nc5 56. Bg1 Nd7 57. Rd1 Nc5 58. Bxc5 Rxc5 59. Kc1 Ke8 60. Kb2 Kd7 61. Re4 Bd8 62. Rd3 Rc8 63. Kc1 Bc7 64. Kd2 Rg8 65. Ke2 Raa8 66. Kf3 Rac8 67. Rd1 Bd8 68. Re2 Rc5 69. Ke4 Be7 70. Rh2 Bd8 71. Rd3 Bc7 72. Rf3 Rc8 73. Re2 Bd8 74. Kd3 Rb8 75. Re4 Rbc8 76. Rf1 Rb8 77. Rb1 Rbc8 78. Rb2 Rb8 79. Ra2 Rbc8 80. Ra1 Rb8 81. Rb1 Rbc8 82. c3 Rb8 83. Rb2 Rb7 84. Rd2 Bc7 85. Kc2 Bd8 86. Rd3 Bc7 87. cxb4 Rxb4 88. Kb2 Bd8 89. Nd2 Rb7 90. Rc4 Bb6 91. Rxc5 Bxc5 92. Nc4 Bb4 93. Kc2 Rc7 94. Kd1 Rc5 95. Ke2 Rc8 96. Ke3 Rb8 97. Ke4 Rb7 98. Rd1 Rb8 99. Rb1 Rb7 100. Rc1 Rb8 101. Rc2 Rb7 102. Kd3 Rb8 103. Rc1 Rb7 104. Kc2 Rb8 105. Rd1 Rb7 106. Rd3 Rb8 107. Re3 Rb7 108. Re4 Rb8 109. Nb2 Rb7 110. Nd3 Bc5 111. Rc4 Rc7 112. Kd1 Rc8 113. Rd4 Bxd4 114. Kd2 Bc5 115. Nb2 Bb4+ 116. Kd1 Rc3 117. Nc4 Rxg3 118. Nb6+ Ke7 119. Nc4 Rxh3 120. Ke2 Rc3 121. Nb6 Rxb3 122. Nc8+ Kd7 123. Na7 Bc5 124. Nc6 Rb2+ 125. Kd3 h4 126. Nxa5 h3 127. Nc4 Rg2 128. a5 h2 129. a6 h1=Q 130. a7 Qd1+ 131. Kc3 Bxa7 132. Na5 Qc1+ 133. Kb4 Rb2+ 134. Nb3 Qc2 135. Ka5 Qxb3 136. Ka6 Ra2# 0-1


[Site "https://www.chess.com"]

[Event "Titled Tuesday Blitz January 31 Late 2023"]
[White "Kovacs, Klara"]
[Black "Torres Dominguez, David"]
[WhiteFideId "733210"]
[BlackFideId "2220857"]
[WhiteElo "2121"]
[BlackElo "1994"]
[Result "0-1"]
[Round "10"]
[TimeControl "180+2"]
[Date "2023.01.31"]
[WhiteClock "0:01:11"]
[BlackClock "0:01:09"]

1. d4 e5 2. Nf3 d6 3. dxe5 Bg4 4. exd6 Bxd6 5. Nc3 Nc6 6. Bg5 f6 7. Bh4 Qe7 8. Nd5 Qe4 9. Ne3 Bxf3 10. exf3 Qxh4 11. Nf5 Qb4+ 12. c3 Qxb2 13. Nxg7+ Kf7 14. Bc4+ Kxg7 15. O-O Qxc3 16. Qd5 Nh6 17. Rae1 Qd4 18. Qb5 a6 19. Qb3 Na5 20. Qa4 Nxc4 21. Qd7+ Nf7 22. Qf5 Qf4 23. Qh3 Ng5 24. Qh5 Nd2 0-1


[Site "https://www.chess.com"]

[Event "Titled Tuesday Blitz January 31 Late 2023"]
[White "Antonio, Jorge Carlos"]
[Black "CheckBits"]
[WhiteFideId "113190"]
[WhiteElo "2277"]
[BlackElo "2478"]
[Result "0-1"]
[Round "10"]
[TimeControl "180+2"]
[Date "2023.01.31"]
[WhiteClock "0:00:38"]
[BlackClock "0:00:33"]

1. d4 Nf6 2. Nf3 e6 3. Bf4 b6 4. e3 Bb7 5. c3 Be7 6. Bd3 c5 7. Nbd2 O-O 8. Ne5 d6 9. Nef3 cxd4 10. exd4 Nd5 11. Bg3 Nd7 12. O-O N7f6 13. Re1 Nh5 14. Qe2 Ndf4 15. Qf1 Nxd3 16. Qxd3 Nxg3 17. hxg3 h6 18. Re2 a6 19. Rae1 b5 20. a3 Qb6 21. g4 a5 22. Qe3 b4 23. axb4 axb4 24. g5 hxg5 25. Nxg5 bxc3 26. bxc3 Ra3 27. Nc4 Qc6 28. Qe4 Qxe4 29. Nxe4 Ra6 30. Ncd2 Rc8 31. Re3 Bd5 32. f3 Rac6 33. Rb1 f5 34. Rb7 Bd8 35. c4 Bxc4 36. Nxc4 fxe4 37. Nd2 Bg5 38. Re2 Rc2 39. Rb2 Rxb2 0-1


[Site "https://www.chess.com"]

[Event "Titled Tuesday Blitz January 31 Late 2023"]
[White "Sohier, Julien"]
[Black "EdmundPlayer"]
[WhiteFideId "645346"]
[WhiteElo "2214"]
[BlackElo "2313"]
[Result "1-0"]
[Round "10"]
[TimeControl "180+2"]
[Date "2023.01.31"]
[WhiteClock "0:00:02"]
[BlackClock "0:00:01"]

1. e4 e6 2. d4 d5 3. e5 c5 4. c3 Nc6 5. Nf3 Qb6 6. Bd3 cxd4 7. O-O Bd7 8. Re1 Nge7 9. h4 a6 10. Nbd2 Ng6 11. Nb3 Be7 12. g3 dxc3 13. bxc3 Nf8 14. c4 dxc4 15. Bxc4 h5 16. Be3 Qc7 17. Rc1 Ng6 18. Bc5 Bxc5 19. Nxc5 Rd8 20. Ne4 Kf8 21. Bb3 Be8 22. Nd6 Qe7 23. Qe2 Ngxe5 24. Nxe8 Nxf3+ 25. Qxf3 Rxe8 26. Rxe6 Qd7 27. Rd1 Qc8 28. Rxe8+ Qxe8 29. Rd5 Rh6 30. Rf5 Nd8 31. Qf4 Rc6 32. Qb4+ Kg8 33. Qd2 Ne6 34. Rd5 b5 35. Rd6 Rxd6 36. Qxd6 Qc8 37. Kg2 Qb7+ 38. Kh2 Qc8 39. Qb6 1-0


[Site "https://www.chess.com"]

[Event "Titled Tuesday Blitz January 31 Late 2023"]
[White "Ortez, Andrea"]
[Black "Toncheva, Nadya"]
[WhiteFideId "6702392"]
[BlackFideId "2924056"]
[WhiteElo "1961"]
[BlackElo "2295"]
[Result "0-1"]
[Round "10"]
[TimeControl "180+2"]
[Date "2023.01.31"]
[WhiteClock "0:00:01"]
[BlackClock "0:00:44"]

1. e4 c5 2. c3 d5 3. exd5 Qxd5 4. d4 Nc6 5. Nf3 Bg4 6. Be2 e6 7. O-O Nf6 8. Be3 cxd4 9. Nxd4 Bxe2 10. Qxe2 Be7 11. Nxc6 Qxc6 12. Nd2 O-O 13. Nf3 Rfd8 14. Nd4 Qe4 15. Rfe1 Rac8 16. Rad1 Qh4 17. Qf3 Ng4 18. h3 Nxe3 19. Rxe3 Rd7 20. Red3 Qf6 21. Qxf6 Bxf6 22. Nb5 Rxd3 23. Rxd3 a6 24. Nd4 Kf8 25. Kf1 Ke7 26. Ke2 g6 27. Nb3 e5 28. Na5 b6 29. Nb3 Ke6 30. f3 Be7 31. g4 f5 32. Nd2 Rc5 33. Re3 b5 34. f4 e4 35. gxf5+ gxf5 36. Nb3 Rd5 37. Nd4+ Kf6 38. Rg3 Bc5 39. Ke3 Rd8 40. h4 b4 0-1


[Site "https://www.chess.com"]

[Event "Titled Tuesday Blitz January 31 Late 2023"]
[White "TheKnightOfBosnia"]
[Black "Gonzalez, Francisco Silva"]
[BlackFideId "1512285"]
[WhiteElo "2502"]
[BlackElo "2021"]
[Result "1-0"]
[Round "10"]
[TimeControl "180+2"]
[Date "2023.01.31"]
[WhiteClock "0:00:06"]
[BlackClock "0:00:33"]

1. e4 e5 2. Nf3 Nc6 3. Bb5 g6 4. O-O Bg7 5. c3 a6 6. Ba4 Nge7 7. d4 exd4 8. cxd4 b5 9. Bb3 d6 10. h3 O-O 11. Nc3 h6 12. Re1 Rb8 13. Bf4 Kh7 14. Qd2 Na5 15. Bc2 Nc4 16. Qc1 d5 17. exd5 Nxd5 18. Nxd5 Qxd5 19. Bxc7 Bxh3 20. Bxb8 Bxg2 21. Kxg2 Rxb8 22. Qf4 Rb6 23. Be4 Qd7 24. b3 Rf6 25. Qg3 Rxf3 26. Bxf3 Nd2 27. Rad1 Qxd4 28. Rxd2 Qxd2 29. Re7 Kg8 30. Qb8+ Bf8 31. Re8 Qg5+ 32. Qg3 Qf5 33. a4 bxa4 34. bxa4 a5 35. Ra8 Kg7 36. Qg4 Qe5 37. Qe4 Qg5+ 38. Qg4 Qe5 39. Qg3 Qf5 40. Re8 h5 41. Qe5+ Qxe5 42. Rxe5 Bb4 43. Rb5 Bd2 44. Bd5 f5 45. Rb6 g5 46. Kf3 g4+ 47. Kg3 Bg5 48. f3 h4+ 49. Kg2 Be3 50. Rb5 Bd2 51. Be6 h3+ 52. Kh1 g3 53. Rxf5 g2+ 54. Kh2 Be3 55. Rf7+ Kg8 56. Rf4+ Kh7 57. Rh4+ Kg6 58. Rg4+ Kf6 59. Bd7 Ke7 60. Bb5 Kf6 61. Be2 Kf5 62. Bd3+ Kf6 63. Be4 Ke5 64. Bc6 Kd6 65. Ba8 Kc7 66. f4 g1=B+ 67. Rxg1 Bxf4+ 68. Kxh3 Bd2 69. Bd5 Kd6 70. Bc4 Kc5 71. Bb5 Be3 72. Rg2 Bd4 73. Kg4 Bc3 74. Kf3 Bb4 75. Re2 Kd5 76. Kg2 Kd4 77. Kf2 Bc5 78. Ke1 Bb4+ 79. Kd1 Kc3 80. Re3+ Kd4 81. Rd3+ Kc5 82. Kc2 Be1 83. Kb3 Bb4 84. Rh3 Bd2 85. Rh5+ Kb6 86. Kc4 Be1 87. Rh6+ Kc7 88. Kd5 Bf2 89. Bc6 Kb6 90. Rh7 Be1 91. Rb7+ Ka6 92. Rb1 Bb4 93. Ke6 Kb6 94. Kd7 Kc5 95. Bb5 Bd2 96. Kc7 Bf4+ 97. Kb7 Bd2 98. Ka6 Kd6 99. Be2 Kc7 100. Rd1 Bb4 101. Rd5 Kc6 102. Rxa5 Bd2 103. Rh5 Kc7 104. a5 Kb8 105. Bb5 Be3 106. Rh8+ Kc7 107. Rh7+ Kb8 108. Bc4 Ka8 109. Kb5 Kb8 110. a6 Ba7 111. Rh8+ Kc7 112. Rh7+ Kb8 113. Rxa7 Kxa7 114. Ka5 Kb8 115. Kb6 Ka8 116. Bd5+ Kb8 117. a7+ Kc8 118. a8=Q+ Kd7 119. Ba2 Kd6 120. Qc6+ Ke5 121. Qd5+ Kf4 122. Kc5 Ke3 123. Qd4+ Kf3 124. Kd5 Kg3 125. Ke5 Kf3 126. Qd3+ Kg4 127. Qf1 Kg3 128. Ke4 Kh2 129. Qf8 Kg3 130. Ke3 Kg4 131. Qf6 Kh5 132. Qg7 Kh4 133. Kf4 Kh3 134. Qg3# 1-0


[Site "https://www.chess.com"]

[Event "Titled Tuesday Blitz January 31 Late 2023"]
[White "Kleiman, Jake"]
[Black "Nunez V, Gustavo Eduardo"]
[WhiteFideId "2020041"]
[BlackFideId "4403690"]
[WhiteElo "2399"]
[BlackElo "2212"]
[Result "1-0"]
[Round "10"]
[TimeControl "180+2"]
[Date "2023.01.31"]
[WhiteClock "0:00:49"]
[BlackClock "0:00:33"]

1. h4 e5 2. e3 d5 3. d4 exd4 4. exd4 Nc6 5. Bf4 Bd6 6. Bxd6 Qxd6 7. Nc3 Qb4 8. Qe2+ Be6 9. O-O-O O-O-O 10. Qd2 Nf6 11. f3 h5 12. Nge2 Rhe8 13. Nf4 Bf5 14. Nce2 Qa4 15. a3 Nb4 16. Nc3 Qxc2+ 17. Qxc2 Nxc2 18. Nce2 Ne3 19. Rd2 Nc4 20. Rd1 Re3 21. Ng3 Nd6 22. Ngxh5 Nxh5 23. Nxh5 g6 24. Nf4 c6 25. Kd2 Rde8 26. Be2 f6 27. Rhe1 g5 28. Nh5 gxh4 29. Nxf6 R8e6 30. Nh5 b5 31. Nf4 Re8 32. Rh1 h3 33. g4 Bd7 34. Rxh3 Nc4+ 35. Bxc4 bxc4 36. Rg3 Rf8 37. Kxe3 Re8+ 38. Kf2 c5 39. dxc5 Bc6 40. Nxd5 Rd8 41. Ne7+ Kc7 42. Rxd8 Kxd8 43. Nxc6+ Kc7 44. Ke3 a5 45. Kd4 1-0


[Site "https://www.chess.com"]

[Event "Titled Tuesday Blitz January 31 Late 2023"]
[White "Gomes, Luiz Alexandre de Souza"]
[Black "Aarav Dengla"]
[WhiteFideId "2102790"]
[BlackFideId "45059756"]
[WhiteElo "2254"]
[BlackElo "2343"]
[Result "1/2-1/2"]
[Round "10"]
[TimeControl "180+2"]
[Date "2023.01.31"]
[WhiteClock "0:00:03"]
[BlackClock "0:00:05"]

1. e4 c5 2. Nf3 d6 3. d4 cxd4 4. Nxd4 Nf6 5. Nc3 a6 6. f3 e5 7. Nb3 Be6 8. Nd5 Nxd5 9. exd5 Bf5 10. Be3 Nd7 11. Bd3 Bxd3 12. Qxd3 Be7 13. O-O O-O 14. c4 f5 15. Rac1 b6 16. Nd2 Qc7 17. b4 a5 18. a3 axb4 19. axb4 Ra4 20. Qb3 Rfa8 21. Bf2 b5 22. cxb5 Qb7 23. Qc4 Nf6 24. Qc6 Rb8 25. b6 Nxd5 26. Qxa4 Nxb6 27. Qb5 Nd5 28. Qxb7 Rxb7 29. Rc4 Nc7 30. Rfc1 Na6 31. Rc8+ Kf7 32. Ra8 Nxb4 33. Rb1 d5 34. Nf1 Rc7 35. Ne3 Ke6 36. Rb8 d4 37. Rb6+ Nc6 38. Nc4 Kd5 39. Nd2 Bc5 40. R1b5 Na7 41. Ra5 Nc6 42. Rab5 Na7 43. Ra5 Nc6 44. Rbb5 Nxa5 45. Rxa5 Rb7 46. g3 Rb2 47. Be1 Kc6 48. Kf1 Bb4 49. Nc4 Rb1 50. Rxe5 d3 51. Kf2 Rb2+ 52. Kf1 Rb1 53. Kf2 Bxe1+ 54. Rxe1 Rb4 55. Nd2 Rb2 56. Ke3 Kd5 57. Kxd3 Rb7 58. Rc1 Ra7 59. Rc8 Ra3+ 60. Ke2 Ra7 61. Rf8 Ke6 62. Re8+ Kf7 63. Re3 Kf6 64. f4 g6 65. Kf2 Ra2 66. Re2 Ra4 67. Nf3 h6 68. Ne5 g5 69. fxg5+ hxg5 70. Nf3 g4 71. Nh4 Ra5 72. Ng2 Ra3 73. Nf4 Rf3+ 74. Kg2 Ra3 75. Rc2 Kg5 76. h4+ gxh3+ 77. Kxh3 Ra8 78. Rc7 Rh8+ 79. Kg2 Ra8 80. Rg7+ Kf6 81. Rg6+ Kf7 82. Rb6 Rh8 83. Kf3 Rh1 84. Ke3 Re1+ 85. Kd4 Rg1 86. Rg6 Rf1 87. Rg5 Kf6 88. Rg6+ Kf7 89. Ra6 Rf3 90. Ke5 Rxg3 91. Kxf5 Re3 92. Ra7+ Re7 93. Ra6 Rd7 94. Rf6+ Ke7 95. Kg6 Kd8 96. Ne6+ Kc8 97. Kf5 Rd5+ 98. Ke4 Ra5 99. Rf7 Ra4+ 100. Kd5 Ra1 101. Nc5 Rh1 102. Kc6 Rh6+ 103. Kb5 Kd8 104. Ne4 Ke8 105. Rb7 Re6 106. Nc5 Re7 107. Rb6 Kf7 108. Rh6 Re1 109. Kc6 Rf1 110. Rd6 Rf6 111. Rxf6+ Kxf6 1/2-1/2


[Site "https://www.chess.com"]

[Event "Titled Tuesday Blitz January 31 Late 2023"]
[White "Sanchez, Robert"]
[Black "Good, Daniel"]
[WhiteFideId "2034360"]
[BlackFideId "1302388"]
[WhiteElo "1966"]
[BlackElo "2141"]
[Result "1-0"]
[Round "10"]
[TimeControl "180+2"]
[Date "2023.01.31"]
[WhiteClock "0:01:56"]
[BlackClock "0:01:24"]

1. e4 e5 2. Nf3 Nc6 3. Bb5 Nf6 4. d3 Bc5 5. Nc3 O-O 6. h3 Nd4 7. Nxd4 Bxd4 8. O-O d5 9. Bg5 Bxc3 10. bxc3 dxe4 11. Bxf6 Qxf6 12. dxe4 Qg6 13. Qf3 Qb6 14. Bc4 Be6 15. Bb3 Rad8 16. Rfd1 Qc6 17. Bd5 Bxd5 18. exd5 Qc4 19. Rab1 b6 20. Rb4 Qc5 21. Rg4 f5 22. Rg5 e4 23. Qf4 Rxd5 24. Rxd5 Qxd5 25. Qxc7 Qf7 26. Qf4 h6 27. Rg3 Qxa2 28. Qxh6 Qa1+ 29. Kh2 Qxc3 30. Qe6+ 1-0


[Site "https://www.chess.com"]

[Event "Titled Tuesday Blitz January 31 Late 2023"]
[White "Fiorito, Francisco"]
[Black "Garrido, Denis"]
[WhiteFideId "180165"]
[BlackFideId "601217"]
[WhiteElo "2305"]
[BlackElo "2205"]
[Result "1-0"]
[Round "10"]
[TimeControl "180+2"]
[Date "2023.01.31"]
[WhiteClock "0:01:53"]
[BlackClock "0:00:42"]

1. Nf3 Nf6 2. g3 g6 3. Bg2 Bg7 4. O-O O-O 5. c4 d6 6. d4 c6 7. Nc3 Bf5 8. Re1 Ne4 9. Nxe4 Bxe4 10. h4 Nd7 11. h5 d5 12. cxd5 cxd5 13. hxg6 hxg6 14. Bg5 Rc8 15. b3 Re8 16. Qd2 Nf6 17. Bh6 Qb6 18. Bxg7 Kxg7 19. Nh4 Bxg2 20. Kxg2 Ne4 21. Qd1 Rc3 22. e3 Rec8 23. Qg4 Rc2 24. Re2 Rxe2 25. Qxe2 Qf6 26. Rh1 Rh8 27. f4 g5 28. Qg4 Kf8 29. Qc8+ Kg7 30. Nf5+ Qxf5 31. Qxf5 Rxh1 32. Qe5+ f6 33. Qxe7+ 1-0


[Site "https://www.chess.com"]